 Dungeon Crawl Stone Soup version 0.27.1-4-g1640c2035a (webtiles) character file.

Game seed: 10543782048658175918

25 saltiestKirin the Caller (level 2, -1/15 HPs)
             Began as a Vampire Summoner on Nov 3, 2021.
             Slain by a jackal (3 damage)
             ... on level 2 of the Dungeon.
             The game lasted 00:11:34 (1058 turns).

saltiestKirin the Caller (Vampire Summoner)         Turns: 1058, Time: 00:11:37

Health: -1/15      AC:  2    Str:  7    XL:     2   Next: 86%
Magic:  3/5        EV: 12    Int: 17    God:
Gold:   31         SH:  0    Dex: 14    Spells: 4/5 levels left

rFire    . . .     SeeInvis +   c - +0 dagger
rCold    + + .     Faith    .   (no shield)
rNeg     + + +     Spirit   .   a - +0 robe
rPois    ∞         Reflect  .   (no helmet)
rElec    .         Harm     .   (no cloak)
rCorr    .         Rampage  .   (no gloves)
Will     .....                  (no boots)
Stlth    ++++......             (no amulet)
HPRegen  0.00/turn              f - ring of poison resistance
MPRegen  0.09/turn              (no ring)

@: bloodless, inhibited regen
A: bloodless, fangs 3, see invisible, vampiric 1
a: Revivify


You were on level 2 of the Dungeon.
You visited 1 branch of the dungeon, and saw 2 of its levels.

You collected 31 gold pieces.

Inventory:

Hand Weapons
 c - a +0 dagger (weapon)
 e - a +0 short sword
Missiles
 h - 72 stones
Armour
 a - a +0 robe (worn)
 d - a +0 scale mail
Jewellery
 f - a ring of poison resistance (left hand)
Scrolls
 b - a scroll of identify
 g - a scroll of noise
Potions
 i - a potion of flight {unknown}


   Skills:
 + Level 2.1 Dodging
 + Level 3.4 Stealth
 + Level 2.3 Spellcasting
 + Level 4.5 Summonings


You had 4 spell levels left.
You knew the following spells:

 Your Spells              Type           Power      Damage    Failure   Level
a - Summon Small Mammal   Summ           68%        N/A       3%          1

Your spell library contained the following spells:

 Spells                   Type           Power      Damage    Failure   Level
 Call Imp                 Summ           17%        N/A       4%          2
 Call Canine Familiar     Summ           17%        N/A       9%          3
 Summon Guardian Golem    Hex/Summ       9%         N/A       22%         3
 Ignite Poison            Fire/Tmut/Pois 1%         N/A       50%         3
 Mephitic Cloud           Conj/Pois/Air  1%         N/A       50%         3
 Summon Lightning Spire   Summ/Air       9%         N/A       58%         4
 Bolt of Magma            Conj/Fire/Erth 0%         4d4       99%         5


Dungeon Overview and Level Annotations

Branches:
Dungeon (2/15)

Altars:


Innate Abilities, Weirdness & Mutations

You do not regenerate when monsters are visible.
You are frail without blood (-20% HP).
You can heal yourself when you bite living creatures.
You are immune to poison.
You have razor-sharp teeth.
You have supernaturally acute eyesight. (SInv)
You are afflicted with vampirism.


Message History

The jackal bites you but does no damage.
The jackal closely misses you.
You hit the jackal but do no damage. Your bite misses the jackal.
The jackal is moderately wounded.
The jackal bites you.
* * * LOW HITPOINT WARNING * * *
The jackal bites you but does no damage.
Your quokka barely misses the jackal.
The jackal closely misses you. x2
Your quokka bites the jackal.
The jackal dies!
You open the door. The jackal barely misses you.
Your quokka bites the jackal but does no damage.
Found a glowing hunting sling.
An adder comes into view.
The jackal closely misses you.
Your quokka barely misses the jackal.
The jackal barely misses you.
There is an open door here.
You hit the jackal.
The jackal is moderately wounded.
The jackal barely misses you.
The giant cockroach bites your quokka but does no damage.
Your quokka barely misses the jackal.
The jackal bites you but does no damage.
The jackal closely misses you.
You hit the jackal but do no damage.
The jackal is moderately wounded.
The giant cockroach bites your quokka. The jackal bites you.
* * * LOW HITPOINT WARNING * * *
Your quokka misses the jackal. The jackal barely misses you.
The giant cockroach closely misses your quokka.
As you read the scroll labelled ZIS YNIUGGEA, it crumbles to dust.
It is a scroll of identify.
g - a scroll of noise The jackal bites you but does no damage.
The jackal closely misses you.
Your quokka barely misses the giant cockroach.
The jackal bites you but does no damage.
The giant cockroach closely misses your quokka.
The jackal bites you.
You die...

#.# #.#.# #.#.#
.#######.#.#
.......#.#B#
.......#.#.#
S......#b#.#
.......#r#.#.###
.......@hBw....#
.......#h#.#.#.#
.......#.#..<..
.......#.#w.##..
..)......#...
..#
.........#....
.#
#........#.####
# ###########.


You could see an adder (asleep), a dart slug, 2 jackals, a giant cockroach (ally
target), a friendly quokka (summoned) and a friendly bat (summoned).

Vanquished Creatures
  2 dart slugs (D:1)
  A giant cockroach (D:1)
  2 goblins (D:1)
  A hobgoblin (D:1)
  A jackal (D:2)
  A kobold (D:1)
  2 bats (D:1)
  A frilled lizard (D:1)
  3 rats (D:1)
14 creatures vanquished.

Vanquished Creatures (collateral kills)
  An endoplasm (D:1)
  3 goblins (D:1)
  A hobgoblin (D:1)
  A jackal (D:2)
  3 kobolds (D:1)
  A ball python (D:1)
  A rat (D:1)
11 creatures vanquished.

Vanquished Creatures (others)
  A bat (D:1)
  6 plants (D:2)
7 creatures vanquished.

Grand Total: 32 creatures vanquished

Notes
Turn   | Place    | Note
-------+----------+-------------------------------------------
     0 | D:1      | saltiestKirin the Vampire Summoner began the quest for the
                  | Orb.
     0 | D:1      | Reached XP level 1. HP: 13/13 MP: 3/3
   185 | D:1      | Reached XP level 2. HP: 12/19 MP: 3/5
  1030 | D:1      | You fall into a shaft and drop 1 floor!
  1058 | D:2      | Slain by a jackal

Illustrated notes

Levels and vault maps discovered:
D:1:      dpeg_arrival_subterranean_lakeside_camping, layout_loops_ring
D:2:      layout_basic, serial_shops, nicolae_lakefront_shop,
          minmay_lizard_king, uniq_crazy_yiuf_cottage

Action                   || total
-------------------------++-------
Melee: Dagger            ||    56
       Bite              ||     4
 Cast: Summon Small Mamm ||    27
 Abil: Exsanguinate      ||     1
  Use: Scroll            ||     1
 Stab: Distracted        ||     2
       Sleeping          ||     3
Armor: Robe              ||    28
Dodge: Dodged            ||    49
